 Dungeon Crawl Stone Soup version 0.18.1-8-gdd0e5ea (webtiles) character file.

119758 matakusis the Imperceptible (level 16, -48/96 HPs)
             Began as a Vampire Enchanter on June 8, 2016.
             Was the Champion of Dithmenos.
             Killed from afar by a deep elf annihilator (67 damage)
             ... with a crystal spear
             ... on level 1 of the Elven Halls on June 10, 2016.
             The game lasted 03:46:44 (32983 turns).

matakusis the Imperceptible (Vampire Enchanter)    Turns: 32983, Time: 03:46:45

Health: -48/96     AC: 11    Str: 22    XL:     16   Next: 28%
Magic:  2/32       EV: 27    Int: 15    God:    Dithmenos [******]
Gold:   142        SH:  5    Dex: 23    Spells: 11 memorised, 3 levels left

rFire  . . .     SeeInvis +     W - +1 short sword of Midnight {pierce, rC- Str+8 SInv Stlth+}
rCold  x . .     Gourm    .     g - +2 robe "Bebirgha" {Str+4}
rNeg   + + .     Faith    .     (no shield)
rPois  +         Spirit   .     c - +1 hat {MR+}
rElec  .         Dismiss  .     I - +1 ratskin cloak {rPois rN+ Int-1 Dex-1}
rCorr  .         Reflect  +     O - +1 pair of gloves {Str+3}
SustAt .         Harm     .     a - +1 pair of boots {Stlth+}
MR     ++...                    f - +5 amulet of reflection
Stlth  ++++++++++               y - ring "Javeuguss" {Int-2 Dex+3 Stlth+}
                                t - +4 ring of evasion

@: very slightly contaminated, wreathed by umbra, drained, invisible (expiring),
very resistant to hostile enchantments, uncannily stealthy
A: fangs 3, see invisible, unbreathing
a: Bat Form, Shadow Step, Shadow Form, Renounce Religion


You were on level 1 of the Elven Halls.
You worshipped Dithmenos.
Dithmenos was exalted by your worship.
You were not thirsty.

You visited 7 branches of the dungeon, and saw 24 of its levels.
You also visited: Ice Cave.

You collected 2712 gold pieces.
You spent 2570 gold pieces at shops.

Inventory:

Hand Weapons
 W - the +1 short sword of Midnight (weapon) {pierce, rC- Str+8 SInv Stlth+}
   (You found it on level 5 of the Lair of Beasts)

   It inflicts extra damage upon your enemies.
   It affects your strength (+8).
   It makes you vulnerable to cold.
   It lets you see invisible.
   It makes you more stealthy.
Missiles
 n - 547 stones (quivered)
Armour
 a - a +1 pair of boots of stealth (worn)
 c - a +1 hat of magic resistance (worn)
 g - the +2 robe "Bebirgha" (worn) {Str+4}
   (You bought it in a shop on level 2 of the Orcish Mines)

   It affects your strength (+4).
 I - the +1 ratskin cloak (worn) {rPois rN+ Int-1 Dex-1}
   (You bought it in a shop on level 10 of the Dungeon)

   It affects your intelligence (-1).
   It affects your dexterity (-1).
   It protects you from poison.
   It protects you from negative energy.
 O - a +1 pair of gloves of strength (worn)
 T - a +0 troll leather armour
Jewellery
 f - a +5 amulet of reflection (around neck)
 m - an uncursed amulet of regeneration
 q - an uncursed ring of protection from fire
 s - an uncursed ring of sustain attributes
 t - a +4 ring of evasion (left hand)
 w - an uncursed ring of protection from magic
 y - the ring "Javeuguss" (right hand) {Int-2 Dex+3 Stlth+}
   (You found it on level 5 of the Lair of Beasts)

   [ring of intelligence]

   It affects your intelligence (-2).
   It affects your dexterity (+3).
   It makes you more stealthy.
Wands
 l - a wand of paralysis (18/24)
 o - a wand of acid (1/15)
 A - a wand of teleportation (5/9)
 C - a wand of confusion (17/48)
 G - a wand of enslavement (17/24)
 J - a wand of paralysis (8/24)
 V - a wand of lightning (5/15)
Scrolls
 d - 3 scrolls of identify
 h - a scroll of recharging
 i - a scroll of magic mapping
 p - 8 scrolls of remove curse
 v - 5 scrolls of amnesia
 x - 4 scrolls of fog
 H - a scroll of enchant armour
 M - 4 scrolls of blinking
 Q - 3 scrolls of fear
Potions
 e - 6 potions of brilliance
 j - 2 potions of curing
 B - a potion of heal wounds
 E - 3 potions of invisibility
 F - a potion of ambrosia
 K - 5 potions of flight
 L - 2 potions of cure mutation
 N - a potion of cancellation
 S - a potion of blood
 U - 2 potions of resistance
Books
 k - a book of Burglary

   Spells                             Type                      Level
   a - Swiftness                      Charms/Air                   2
   b - Passwall                       Transmutation/Earth          2
   c - Passage of Golubria            Translocation                4
   d - Lee's Rapid Deconstruction     Earth                        5
   e - Darkness                       Hexes                        6
   f - Invisibility                   Hexes                        6
 r - a book of the Dragon

   Spells                             Type                      Level
   a - Flame Tongue                   Conjuration/Fire             1
   b - Cause Fear                     Hexes                        4
   c - Bolt of Fire                   Conjuration/Fire             6
   d - Dragon Form                    Transmutation                7
   e - Dragon's Call                  Summoning                    9
 P - a book of Beasts

   Spells                             Type                      Level
   a - Summon Butterflies             Summoning                    1
   b - Call Canine Familiar           Summoning                    3
   c - Summon Ice Beast               Ice/Summoning                4
   d - Summon Mana Viper              Hexes/Summoning              5
   e - Summon Hydra                   Summoning                    7
 R - Gink's Incunabulum of Calling and the Mountains
   (You found it on level 1 of the Lair of Beasts)

   Spells                             Type                      Level
   a - Sandblast                      Earth                        1
   b - Call Imp                       Summoning                    2
   c - Stone Arrow                    Conjuration/Earth            3
   d - Leda's Liquefaction            Hexes/Earth                  4
   e - Summon Lightning Spire         Summoning/Air                4
   f - Petrify                        Transmutation/Earth          4
 Z - a book of Conjurations

   Spells                             Type                      Level
   a - Magic Dart                     Conjuration                  1
   b - Searing Ray                    Conjuration                  2
   c - Dazzling Spray                 Conjuration/Hexes            3
   d - Fulminant Prism                Conjuration/Hexes            4
   e - Iskenderun's Mystic Blast      Conjuration                  4
   f - Iskenderun's Battlesphere      Conjuration/Charms           5
Miscellaneous
 b - a plain deck of defence {the Helm}
 u - a phial of floods
 z - a disc of storms
 D - a plain deck of defence {Fortitude, drawn: 1}
 X - a plain deck of defence {the Tomb}


   Skills:
 + Level 6.9(6.7) Short Blades
 + Level 10.4(10.2) Dodging
 + Level 23.5(23.2) Stealth
   Level 1.8(1.6) Shields
 + Level 12.9(12.7) Spellcasting
 + Level 17.4(17.1) Hexes
 * Level 11.0(10.7) Summonings
 + Level 0.4(0.2) Translocations


You had 3 spell levels left.
You knew the following spells:

 Your Spells              Type           Power        Failure   Level  Hunger
a - Corona                Hex            ######.      0%          1    None
b - Confuse               Hex            ######..     1%          3    None
c - Tukima's Dance        Hex            ######..     1%          3    None
d - Dazzling Spray        Conj/Hex       #####...     1%          3    None
e - Cause Fear            Hex            ######....   1%          4    ##.....
f - Call Imp              Summ           #####...     1%          2    None
g - Summon Lightning Spi  Summ/Air       ####....     10%         4    ##.....
h - Blink                 Tloc           N/A          12%         2    None
i - Fulminant Prism       Conj/Hex       #####.....   2%          4    ##.....
j - Summon Mana Viper     Hex/Summ       ######..     1%          5    #####..
k - Invisibility          Hex            ######..     1%          6    ######.


Dungeon Overview and Level Annotations

Branches:
Dungeon (10/15)            Temple (1/1) D:7            Lair (8/8) D:9
  Swamp (1/4) Lair:3       Spider (1/4) Lair:3        Slime (0/6) Lair:6
    Orc (2/2) D:10            Elf (1/3) Orc:2

Altars:
Ashenzari
Cheibriados
Dithmenos
Elyvilon
Fedhas
Gozag
Kikubaaqudgha
Makhleb
Nemelex Xobeh
Okawaru
Pakellas
Qazlal
Ru
Sif Muna
Trog
Vehumet
Xom
Yredelemnul
Zin
The Shining One
Beogh
Jiyva

Shops:
D:4 [   D:8 (   D:10 *[   Orc:2 *:([

Annotations:
Lair:1 exclusion: ice statue


Innate Abilities, Weirdness & Mutations

You have razor-sharp teeth.
You have supernaturally acute eyesight.
You can survive without breathing.


Message History

Casting: Confuse
Confirm with . or Enter, or press ? or * to list all spells.
Aiming: Confuse
Press: ? - help, Shift-Dir - straight line, f/p - deep elf annihilator
Aim: a deep elf annihilator, wielding a rapier and wearing a ring mail (lightly wounded, umbra, chance to defeat MR: 4%)
The deep elf annihilator resists with almost no effort.
Your shadow mimicks your spell!
The deep elf annihilator resists with almost no effort.
The deep elf annihilator hits you with a rapier.
* * * LOW HITPOINT WARNING * * *
Casting: Confuse
Confirm with . or Enter, or press ? or * to list all spells.
Aiming: Confuse
Press: ? - help, Shift-Dir - straight line, f/p - deep elf annihilator
Aim: a deep elf annihilator, wielding a rapier and wearing a ring mail (lightly wounded, umbra, chance to defeat MR: 4%)
The deep elf annihilator resists with almost no effort.
The deep elf annihilator points at you and mumbles some strange words.
The crystal spear hits you!
Ouch! That really hurt!
You die...

....................#
##'#.
#############.......#
##(.
#......(##########...
#.......+........)..#
#.......##########§##
##.....'## ##§#
###+###.########ee#
#e# ##'#..)##§#e§§
#@# #..e....####. #.#
#.......# . #§#
#.......# #§#
#.......# #3#
#.......# # #§#
##'#...### #
#§###.###### #
#§##.## # ###3#'## #


You could see a deep elf annihilator.

Vanquished Creatures
  Maud (Lair:6)
  2 orc warlords
  A deep elf elementalist (Elf:1)
  Aizul (Spider:1)
  A deep elf high priest (Elf:1)
  An ice dragon (Lair:1)
  13 hydras
  A catoblepas (Lair:8)
  23 death yaks
  A deep troll shaman (Lair:8)
  A queen ant (Lair:8)
  2 dancing weapons (Elf:1)
  Urug (Lair:2)
  3 orc high priests (Orc:2)
  Nergalle (D:10)
  2 deep elf knights (Elf:1)
  2 unseen horrors (D:10)
  A hill giant (D:10)
  4 lindwurms (Lair:5)
  A necromancer (IceCv)
  Pikel (D:4)
  3 deep elf archers (Elf:1)
  19 deep elf magi (Elf:1)
  3 orb spiders (Spider:1)
  An orc knight (Orc:2)
  6 griffons
  7 wolf spiders (Spider:1)
  5 orc sorcerers
  A cyclops (Orc:2)
  A hornet (Spider:1)
  17 elephants
  8 black mambas
  A moth of wrath (Spider:1)
  Psyche (D:9)
  13 spiny frogs
  A torpor snail (Spider:1)
  3 rime drakes
  5 ice devils (IceCv)
  11 komodo dragons
  8 trolls
  2 demonic crawlers (Spider:1)
  12 jumping spiders (Spider:1)
  6 polar bears
  2 giant leeches (Lair:3)
  Grinder (D:4)
  10 blink frogs
  Prince Ribbit (D:5)
  A boulder beetle (Lair:7)
  Sigmund (D:3)
  5 tarantellas (Spider:1)
  An air elemental (Orc:2)
  17 redbacks (Spider:1)
  A yak (shapeshifter) (Elf:1)
  Eustachio (D:4)
  2 steam dragons
  54 yaks
  A vampire mosquito (D:9)
  3 basilisks
  10 hippogriffs
  A mottled dragon (Lair:7)
  4 wargs
  2 swamp worms (Lair:3)
  18 water moccasins
  5 soldier ants (Lair:8)
  17 porcupines
  Duvessa (D:5)
  2 swamp drakes (Lair:7)
  3 sky beasts
  29 orc warriors
  15 ice beasts
  2 black bears
  8 ogres
  A phantom (D:4)
  2 wasps
  A centaur (D:10)
  21 wolves
  2 big kobolds
  13 crocodiles
  Blork the orc (D:5)
  21 giant frogs
  Dowan (D:5)
  2 earth elementals (Elf:1)
  A scorpion (D:8)
  A water moccasin skeleton (D:9)
  4 crimson imps
  2 giant frog zombies
  2 centaur zombies
  3 hounds
  2 jellies
  A centaur skeleton (D:4)
  12 orc priests
  20 orc wizards
  Crazy Yiuf (D:7)
  7 iguanas
  Natasha (thrice) (D:3)
  12 worker ants
  3 troll simulacra (IceCv)
  A spriggan simulacrum (IceCv)
  6 sheep (Lair:8)
  3 centaur simulacra (IceCv)
  A hound zombie (D:7)
  Robin (D:4)
  A worker ant zombie (D:10)
  An ogre simulacrum (IceCv)
  12 adders
  5 gnolls
  2 naga simulacra (IceCv)
  67 river rats
  2 shadow imps (D:7)
  3 white imps (Lair:1)
  An ooze (D:1)
  An adder zombie (D:5)
  2 adder skeletons
  A worm (D:3)
  A dart slug (D:3)
  2 giant geckos
  61 orcs
  4 giant cockroaches
  17 goblins
  8 hobgoblins
  3 jackals (D:1)
  9 quokkas
  2 ball pythons
  10 bats
  A giant cockroach zombie (D:6)
  6 giant newts
  17 kobolds
  23 rats
  8 fulminant prisms
  4 fungi
  4 plants
845 creatures vanquished.

Vanquished Creatures (collateral kills)
  Gastronok (Lair:2)
  2 death yaks
  A deep elf knight (Elf:1)
  An orc knight (Orc:2)
  2 deep elf magi (Elf:1)
  An orb spider (Spider:1)
  A cyclops (Orc:2)
  A wolf spider (Spider:1)
  A jumping spider (Spider:1)
  A tarantella (Spider:1)
  4 redbacks (Spider:1)
  Edmund (D:5)
  A water moccasin (Lair:5)
  5 orc warriors
  2 ogres
  A wolf (Lair:5)
  A scorpion (D:10)
  A howler monkey (D:10)
  A jelly (D:8)
  An orc priest (Orc:2)
  2 orc wizards
  A giant frog skeleton (D:8)
  10 sheep (Lair:8)
  3 gnolls
  4 river rats (Lair:2)
  11 orcs
  A rat (D:9)
62 creatures vanquished.

Vanquished Creatures (others)
  7 dancing weapons
  6 bushes (Lair:8)
  16 fulminant prisms
  104 fungi
  62 plants
195 creatures vanquished.

Grand Total: 1102 creatures vanquished

Notes
Turn   | Place    | Note
--------------------------------------------------------------
     0 | D:1      | matakusis the Vampire Enchanter began the quest for the Orb.
     0 | D:1      | Reached XP level 1. HP: 13/13 MP: 3/3
   398 | D:1      | Reached XP level 2. HP: 17/19 MP: 1/5
   488 | D:1      | Reached skill level 5 in Stealth
  1196 | D:2      | Reached XP level 3. HP: 24/24 MP: 6/6
  1201 | D:2      | Learned a level 3 spell: Confuse
  1531 | D:2      | Reached skill level 5 in Hexes
  1955 | D:3      | Reached XP level 4. HP: 30/30 MP: 7/7
  2010 | D:3      | Noticed Sigmund
  2022 | D:3      | Killed Sigmund
  2022 | D:3      | Reached skill level 8 in Stealth
  2022 | D:3      | Reached XP level 5. HP: 35/35 MP: 1/8
  2098 | D:3      | Learned a level 3 spell: Tukima's Dance
  2105 | D:3      | Noticed Natasha
  2110 | D:3      | Killed Natasha
  2206 | D:3      | Reached XP level 6. HP: 41/41 MP: 2/9
  2300 | D:3      | Found a sacrificial altar of Ru.
  2636 | D:3      | Found a glowing golden altar of the Shining One.
  2833 | D:3      | Noticed Natasha
  2888 | D:3      | Found an opulent altar of Gozag.
  3339 | D:3      | Killed Natasha
  3598 | D:3      | Reached skill level 9 in Stealth
  3652 | D:3      | Noticed Natasha
  3666 | D:3      | Killed Natasha
  3883 | D:4      | Reached XP level 7. HP: 34/46 MP: 5/11
  3927 | D:4      | Found a radiant altar of Vehumet.
  3927 | D:4      | Found a glowing silver altar of Zin.
  4159 | D:4      | Found Viplushy's Armour Shoppe.
  4233 | D:4      | Noticed Robin
  4281 | D:4      | Killed Robin
  4501 | D:4      | Noticed Grinder
  4508 | D:4      | Killed Grinder
  4508 | D:4      | Reached skill level 10 in Stealth
  4603 | D:4      | Learned a level 3 spell: Dazzling Spray
  4681 | D:4      | Noticed Eustachio
  4686 | D:4      | Killed Eustachio
  4686 | D:4      | Reached XP level 8. HP: 52/52 MP: 12/14
  4711 | D:4      | Noticed Pikel
  4747 | D:4      | Killed Pikel
  4747 | D:4      | Reached skill level 11 in Stealth
  4918 | D:5      | Entered Level 5 of the Dungeon
  5024 | D:5      | Reached skill level 12 in Stealth
  5058 | D:5      | Noticed Edmund
  5065 | D:5      | Noticed Duvessa
  5065 | D:5      | Noticed Dowan
  5080 | D:5      | Killed Duvessa
  5080 | D:5      | Reached skill level 5 in Dodging
  5081 | D:5      | Killed Edmund
  5086 | D:5      | Killed Dowan
  5464 | D:5      | Noticed Blork the orc
  5471 | D:5      | Killed Blork the orc
  5471 | D:5      | Reached skill level 5 in Spellcasting
  5471 | D:5      | Reached XP level 9. HP: 57/57 MP: 16/16
  5510 | D:5      | Noticed Prince Ribbit
  5519 | D:5      | Killed Prince Ribbit
  5916 | D:6      | Found a shattered altar of Ashenzari.
  5925 | D:6      | Reached skill level 13 in Stealth
  5953 | D:6      | Found an oddly glowing altar of Pakellas.
  5984 | D:6      | Learned a level 4 spell: Cause Fear
  5984 | D:6      | Found an iron altar of Okawaru.
  6244 | D:6      | Noticed a troll
  6254 | D:6      | Killed a troll
  6543 | D:6      | Found a shadowy altar of Dithmenos.
  6548 | D:6      | Became a worshipper of Dithmenos the Shadowed
  6554 | D:6      | Identified a scroll of acquirement
  6675 | D:6      | Reached skill level 14 in Stealth
  6831 | D:7      | Found a staircase to the Ecumenical Temple.
  6929 | Temple   | Entered the Ecumenical Temple
  7324 | D:7      | Reached * piety under Dithmenos
  7743 | D:7      | Found a stormy altar of Qazlal.
  7802 | D:7      | Reached XP level 10. HP: 63/63 MP: 9/19
  7809 | D:7      | Reached skill level 15 in Stealth
  7996 | D:7      | Noticed Crazy Yiuf
  8002 | D:7      | Killed Crazy Yiuf
  8526 | D:8      | Reached ** piety under Dithmenos
  8567 | D:8      | Reached skill level 10 in Hexes
  8891 | D:8      | Reached skill level 16 in Stealth
  8964 | D:8      | Found Nuecwap's Weapon Shop.
  8989 | D:9      | Found a staircase to the Lair.
  9572 | D:9      | Reached skill level 17 in Stealth
  9787 | D:9      | Reached *** piety under Dithmenos
  9881 | D:9      | Reached XP level 11. HP: 68/68 MP: 8/21
 10314 | D:9      | Noticed Psyche
 10316 | D:9      | Killed Psyche
 10418 | Lair:1   | Entered Level 1 of the Lair of Beasts
 10423 | Lair:1   | Noticed an ice dragon
 10467 | Lair:1   | Killed an ice dragon
 10771 | Lair:1   | Found a frozen archway.
 10779 | IceCv    | Entered an ice cave
 11543 | IceCv    | Noticed a necromancer
 11549 | IceCv    | Killed a necromancer
 11812 | IceCv    | Learned a level 9 spell: Dragon's Call
 12206 | Lair:1   | Reached skill level 1 in Summonings
 12228 | Lair:1   | Reached skill level 18 in Stealth
 12885 | Lair:1   | Identified Gink's Incunabulum of Calling and the Mountains (You found it on level 1 of the Lair of Beasts)
 12933 | Lair:1   | Learned a level 4 spell: Summon Lightning Spire
 12963 | Lair:1   | Learned a level 2 spell: Call Imp
 12985 | Lair:2   | Noticed Urug
 12993 | Lair:2   | Killed Urug
 13155 | Lair:2   | Noticed Gastronok
 13171 | Lair:2   | Killed Gastronok
 13171 | Lair:2   | Reached XP level 12. HP: 12/74 MP: 14/25
 13562 | Lair:2   | Reached **** piety under Dithmenos
 14378 | Lair:3   | Found a hole to the Spider Nest.
 14448 | Lair:3   | Found a staircase to the Swamp.
 14616 | Lair:3   | Reached skill level 19 in Stealth
 15014 | Lair:3   | Noticed a seven-headed hydra
 15021 | Lair:3   | Killed a seven-headed hydra
 15099 | Lair:3   | Reached skill level 5 in Summonings
 15616 | Lair:4   | Reached skill level 10 in Spellcasting
 15968 | Lair:5   | Noticed a death yak
 15968 | Lair:5   | Noticed a death yak
 15969 | Lair:5   | Noticed a death yak
 15970 | Lair:5   | Noticed a four-headed hydra
 15973 | Lair:5   | Noticed a death yak
 15977 | Lair:5   | Killed a death yak
 15980 | Lair:5   | Killed a death yak
 16229 | Lair:4   | Killed a death yak
 16652 | Lair:5   | Killed a death yak
 16652 | Lair:5   | Reached XP level 13. HP: 48/79 MP: 2/27
 17149 | Lair:5   | Reached skill level 20 in Stealth
 17199 | Lair:5   | Got a bloodstained short sword
 17202 | Lair:5   | Identified the +1 short sword of Midnight {pierce, rC- Str+8 SInv Stlth+} (You found it on level 5 of the Lair of Beasts)
 17633 | Lair:5   | Got a twitching granite ring
 17637 | Lair:5   | Identified the cursed ring "Javeuguss" {Int-2 Dex+3 Stlth+} (You found it on level 5 of the Lair of Beasts)
 17718 | Lair:5   | Reached ***** piety under Dithmenos
 18087 | Lair:6   | Found a viscous altar of Jiyva.
 18087 | Lair:6   | Found a staircase to the Slime Pits.
 19226 | Lair:7   | Reached skill level 5 in Short Blades
 19576 | Lair:7   | Reached skill level 21 in Stealth
 19636 | Lair:7   | Reached skill level 15 in Hexes
 19636 | Lair:7   | Reached XP level 14. HP: 85/85 MP: 25/29
 20273 | Lair:6   | Noticed Maud
 20277 | Lair:6   | Killed Maud
 21093 | Lair:8   | Entered Level 8 of the Lair of Beasts
 21297 | Lair:8   | Reached skill level 22 in Stealth
 21711 | Lair:8   | Learned a level 2 spell: Blink
 21718 | Lair:8   | Learned a level 4 spell: Fulminant Prism
 22720 | Lair:8   | Reached ****** piety under Dithmenos
 22988 | Lair:8   | Reached XP level 15. HP: 24/90 MP: 6/30
 24335 | Spider:1 | Entered Level 1 of the Spider Nest
 24386 | Spider:1 | Reached skill level 1 in Shields
 25411 | Spider:1 | Noticed Aizul
 25418 | Spider:1 | Killed Aizul
 25540 | Spider:1 | Noticed a ghost moth
 26109 | Spider:1 | Reached skill level 10 in Summonings
 26145 | Spider:1 | Reached skill level 10 in Dodging
 26626 | Spider:1 | Noticed a ghost moth
 27102 | Swamp:1  | Entered Level 1 of the Swamp
 27194 | D:10     | Entered Level 10 of the Dungeon
 27227 | D:10     | Found Beol's General Store.
 27230 | D:10     | Bought a potion of heal wounds for 65 gold pieces
 27237 | D:10     | Noticed Nergalle
 27240 | D:10     | Killed Nergalle
 27485 | D:10     | Found a staircase to the Orcish Mines.
 27487 | D:10     | Found Bihyarey's Armour Shoppe.
 27518 | D:10     | Bought the +1 ratskin cloak {rPois rN+ Int-1 Dex-1} for 289 gold pieces
 27930 | D:10     | Reached skill level 23 in Stealth
 28055 | Orc:1    | Entered Level 1 of the Orcish Mines
 28733 | Orc:2    | Entered Level 2 of the Orcish Mines
 28744 | Orc:2    | Found Hituppah's Antique Armour Emporium.
 28905 | Orc:2    | Bought a pair of embroidered boots for 117 gold pieces
 28905 | Orc:2    | Bought a fabulously ornate robe for 148 gold pieces
 28915 | Orc:2    | Identified the +2 robe "Bebirgha" {Str+4} (You bought it in a shop on level 2 of the Orcish Mines)
 28973 | Orc:2    | Found Siagidol's Antique Weapon Boutique.
 28989 | Orc:2    | Found a staircase to the Elven Halls.
 29303 | Orc:2    | Noticed an orc warlord
 29377 | Orc:2    | Paralysed by an orc sorcerer for 7 turns
 29399 | Orc:2    | Killed an orc warlord
 29941 | Orc:2    | Found Neagyis's General Store.
 29962 | Orc:1    | Noticed an orc warlord
 30527 | Orc:1    | Killed an orc warlord
 30828 | Orc:2    | Bought a scroll of acquirement for 676 gold pieces
 30839 | Orc:2    | Learned a level 5 spell: Summon Mana Viper
 30860 | Orc:2    | Found Kueskin's Book Shop.
 31090 | Orc:2    | Bought a book of Burglary for 1275 gold pieces
 31108 | Orc:2    | Learned a level 6 spell: Invisibility
 31137 | Orc:2    | Found a roughly hewn altar of Beogh.
 31185 | Elf:1    | Entered Level 1 of the Elven Halls
 31281 | Elf:1    | Reached XP level 16. HP: 96/96 MP: 32/32
 32782 | Elf:1    | Noticed a Tzitzimitl
 32983 | Elf:1    | Killed from afar by a deep elf annihilator

Skill      XL: |  1  2  3  4  5  6  7  8  9 10 11 12 13 14 15 16 |
---------------+-------------------------------------------------+-----
Stealth        | 5 8 9 10 12 14 17 18 19 21 22 23 | 23.5
Hexes          | 5 6 7 8 9 11 12 14 15 16 17 | 17.4
Dodging        | 3 4 5 6 7 8 9 10 | 10.4
Spellcasting   | 3 4 5 6 7 9 10 11 12 | 12.9
Short Blades   | 2 3 4 5 6 |  6.9
Summonings     | 2 5 7 9 10 11 | 11.0
Shields        | 1 |  1.8
Translocations | |  0.4

Action                   |  1- 3 |  4- 6 |  7- 9 | 10-12 | 13-15 | 16-18 || total
-------------------------+-------+-------+-------+-------+-------+-------++-------
Melee: Dagger            |   103 |   184 |   391 |   630 |    70 |       ||  1378
       Bite              |     8 |     9 |    27 |    64 |   239 |    20 ||   367
       Short sword       |       |       |       |       |  1265 |    97 ||  1362
 Cast: Corona            |    21 |     1 |       |       |       |       ||    22
       Confuse           |     6 |    28 |    60 |   188 |   315 |    41 ||   638
       Tukima's Dance    |       |       |     8 |     7 |    19 |     3 ||    37
       Cause Fear        |       |       |       |     1 |       |     1 ||     2
       Dazzling Spray    |       |       |       |    11 |    39 |    11 ||    61
       Call Imp          |       |       |       |    31 |    13 |     1 ||    45
       Summon Lightning  |       |       |       |     3 |    23 |     9 ||    35
       Fulminant Prism   |       |       |       |       |    24 |       ||    24
       Blink             |       |       |       |       |     2 |     2 ||     4
       Invisibility      |       |       |       |       |     1 |     2 ||     3
       Summon Mana Viper |       |       |       |       |     1 |     2 ||     3
 Abil: End Transformatio |       |       |       |     2 |     4 |       ||     6
       Bat Form          |       |       |       |     2 |     4 |       ||     6
Evoke: Wand              |       |       |       |     1 |     3 |       ||     4
       Deck              |       |       |       |       |     1 |       ||     1
  Use: Potion            |     5 |     3 |    11 |    19 |    30 |     8 ||    76
       Scroll            |     9 |     1 |     3 |    15 |    14 |       ||    42
 Stab: Sleeping          |    19 |     9 |    19 |    73 |   110 |    13 ||   243
       Confused          |     4 |    13 |    43 |    87 |   198 |     8 ||   353
       Distracted        |       |       |       |     2 |     8 |       ||    10
       Invisible         |       |       |       |     6 |    10 |     2 ||    18
  Eat: Corpse            |       |       |       |       |     4 |       ||     4
Armor: Robe              |    13 |    14 |    25 |    11 |     8 |     7 ||    78
       Leather armour    |       |       |       |    22 |   109 |       ||   131
Dodge: Dodged            |    52 |   117 |   202 |   326 |  1052 |    55 ||  1804
Block: Other             |       |       |    51 |    87 |   240 |    11 ||   389
       Reflection        |       |       |       |       |       |     3 ||     3
